← All builds
Tech / Armada / Economy first / OBSERVED BUILD

Standard tech

Armada Tech (Eco) build order · Supreme Isthmus

Rushes T2 by 4:15, gets Advanced Metal Extractor around 5:28, hands off T2 constructors to Geo and the team, then scales eco and supplies the team's T2 needs through the rest of the game.

Usually first T2 con to Geo (83%)

#eco #t2 #team support · 1580 distinct matches · 252 players · 60% of Armada Tech games · team won 53% of 1886 · Recently observed

HOW TO PLAY IT

Key timing: T2 factory by 4:15

  1. Open 3 mex and heavy wind to fund a fast T2 rush.
  2. Put down Bot Lab, planning to eat it for reclaim soon after.
  3. Get Advanced Bot Lab up, hitting the T2 factory rush timing.
  4. Upgrade mex to Advanced Metal Extractor to lock in team metal income.
  5. Eat Advanced Bot Lab and keep sending cons to Geo and Pond.

Phase by phase

TYPICAL OF ITS 1580 GAMES
  1. 1
  2. 2
  3. 3
  4. 4
PLAY THE OPENING

Follow the example game's first 6:00 step by step: what to build now, what comes next, and where it goes. At 1× it keeps pace with your own game.

  1. 1

    Up to the Bot Lab

    Economy
    • Metal Extractor3Mex
    • Wind Turbine4Wind
    Order
    1. Bot LabBot Lab after 3 mex, 4 winddone ~1:18, middle half 1:13–1:32

    Some games also: energy storage (31%)

    By 1:01 in all: 3 mex · 4 wind

    The example game in this phase · 3 steps
    1. Mex ×3
    2. Wind ×4
    3. Bot LabBot Labdone 1:17 · typical 1:18
  2. 2

    Bot Lab to Advanced Bot Lab

    Economy
    • Metal Extractor1Mex
    • Wind Turbine8Wind
    • Energy Storage1Energy storage
    Order
    1. Advanced Bot LabAdvanced Bot Lab after 4 mex, 12 wind, 3 con turretdone ~4:16, middle half 4:04–4:30
    Builders
    • Construction Turret3 Con turret
    • Lazarus3 Lazarus
    • Construction Bot2 Con bot
    • Construction Bot1 Con bot for allies

    Some games also: converter (36%)

    By 3:18 in all: 4 mex · 12 wind · 1 energy storage · 3 con turret

    The example game in this phase · 14 steps
    1. Wind
    2. Construction BotCon bot
    3. Wind ×2
    4. Energy storage
    5. LazarusLazarus ×2
    6. Construction BotCon bot
    7. Mex
    8. Con turret
    9. LazarusLazarus
    10. Con turret
    11. Wind ×4
    12. Con turret
    13. Wind ×2
    14. Advanced Bot LabAdvanced Bot Labdone 3:53 · typical 4:16
  3. 3

    Advanced Bot Lab to 5:00

    Economy
    • Wind Turbine3Wind
    Order
    1. Bot LabEat Bot Lab
    Builders
    • Advanced Construction Bot1 T2 con bot for allies

    Some games also: converter (35%)

    By 5:00 in all: 4 mex · 15 wind · 1 converter · 1 energy storage · 3 con turret

    The example game in this phase · 14 steps
    1. Wind
    2. Bot LabEat Bot Labreclaimed for its metal
    3. Wind ×2
    4. GunslingerGunslingerfor Ponddone 4:10
    5. Wind
    6. Converter ×2
    7. Aircraft PlantAircraft Plantdone 4:34
    8. Advanced Construction BotT2 con botfor Beach sea
    9. Converter
    10. Wind
    11. StorkLight transport
    12. Converter
    13. StorkLight transport
    14. Wind
  4. 4

    5:00 to 10:00

    Economy
    • Wind Turbine43Wind
    • Energy Converter6Converter
    Builders
    • Butler9 Butler
    • Advanced Construction Bot4 T2 con bot for allies
    • Advanced Construction Bot1 T2 con bot

    Some games also: con turret (43%) · Butler for allies (37%)

    By 10:00 in all: 4 mex · 58 wind · 8 converter · 1 energy storage · 3 con turret

    The example game in this phase · 74 steps
    1. Aircraft PlantEat Aircraft Plantreclaimed for its metal
    2. Converter
    3. Advanced Metal ExtractorT2 mexdone 5:38 · typical 5:28
    4. Converter
    5. Wind
    6. Converter
    7. Advanced Metal ExtractorT2 mex
    8. Wind
    9. Converter
    10. Advanced Metal ExtractorT2 mex
    11. Wind ×2
    12. Advanced Construction BotT2 con botfor Geo sea
    13. Wind
    14. Converter
    15. Wind
    16. Energy storage
    17. ButlerButler
    18. Wind
    19. ButlerButler
    20. Wind
    21. Converter
    22. Advanced Metal ExtractorT2 mex
    23. Wind
    24. Converter ×2
    25. Advanced Construction BotT2 con botfor Air
    26. GunslingerGunslingerfor Pond
    27. Wind
    28. Con turret
    29. Wind ×3
    30. Advanced Construction BotT2 con botfor Pond
    31. Wind ×2
    32. ButlerButler
    33. Wind ×2
    34. ButlerButler
    35. Wind
    36. Con turret
    37. Wind
    38. ButlerButler
    39. Wind ×2
    40. ButlerButler
    41. Wind ×2
    42. ButlerButler
    43. Con turret
    44. Wind ×3
    45. ButlerButler
    46. Wind ×2
    47. Con turret
    48. ButlerButler
    49. Wind ×2
    50. Converter
    51. Wind
    52. ButlerButler
    53. Converter
    54. Wind ×2
    55. ButlerButler
    56. Wind ×3
    57. Converter
    58. ButlerButler
    59. Wind ×2
    60. ButlerButler
    61. Wind
    62. Converter
    63. Wind
    64. ButlerButler
    65. Wind ×3
    66. ButlerButler
    67. Wind ×2
    68. Converter
    69. ButlerButler
    70. Wind ×4
    71. ButlerButler
    72. Wind ×2
    73. Converter
    74. ButlerButler

Counts are medians over the build's games: half of them build more, half fewer. The example game is RiskyDonut's (33 OS, 12/10/2026); pick another.

Team trades

IN AT LEAST 30% OF ITS GAMES

You hand over

  • Construction Bot1 Con bot to Airfirst at 2:23 · in 84% of games
  • Advanced Construction Bot5 T2 con bot to Air or Pond or Geo seafirst at 4:50 · in 99% of games
  • Butler2 Butler to Geo sea or Beach sea or Pondfirst at 9:06 · in 43% of games

You get

  • Hercules1 Light transport from Airfirst at 4:01 · in 86% of games

How it plays out

Typical game of this build, running totals by minute

Metal produced

020k40k
0:005:0010:0015:00

metal

Enemy metal destroyed

050100150
0:005:0010:0015:00

metal

Own metal lost

050100150
0:005:0010:0015:00

metal

1886 games.

Show as table
ByMetal produced: This buildEnemy metal destroyed: This buildOwn metal lost: This build
1:0038300
2:0091500
3:00165200
4:00314400
5:00484800
6:00580200
7:00723200
8:00906400
9:001117700
10:001351300
11:001624200
12:001965600
13:002342600
14:0027286074
15:0031503110130
WHAT THE NUMBERS SAY

Standard Tech play barely fights at all early, instead pouring metal into T2 infrastructure and constructors for the team.

  • + Metal produced hits 31679 by 15:00, by far the highest of any role here.
  • + T2 factory reached in 97% of games by 4:15, fastest and most reliable T2 timing.
  • − Enemy metal destroyed stays at 0 through 10:00, no early offense at all.
  • − Own metal lost also near 0, showing total avoidance of combat risk.
THE EXAMPLE YOU ARE READING

RiskyDonut

32.6 OS · 12/10/2026

Open source match ↗

3 received units
1444 metal received · 38963 energy received

Allied construction assistance is unknown. Timings are observations, not a promise of solo reproducibility.

Typical milestones

Bot Lab1:18Middle 50%: 1:13–1:32 · n=1886
Advanced Bot Lab4:16Middle 50%: 4:04–4:30 · n=1879
Advanced Metal Extractor5:28Middle 50%: 5:05–5:59 · n=1882

Played most by

Amrissa96games of this buildTheGeneraI70games of this buildAdeus57games of this buildEl_Turco54games of this buildKOT_44games of this build